 Dungeon Crawl Stone Soup version 0.16.1-18-g436b03c (webtiles) character file.

35 senseless the Firebug (level 3, -1/24 HPs)
             Began as a Human Fire Elementalist on Apr 24, 2015.
             Killed by nerve-wracking pain
             ... invoked by Jessica
              (4 damage)
             ... on level 2 of the Dungeon.
             The game lasted 00:06:43 (1377 turns).

senseless the Firebug (Human Fire Elementalist)     Turns: 1377, Time: 00:06:43

Health: -1/24      AC:  3    Str:  8    XL:     3   Next: 52%
Magic:  6/6        EV: 10    Int: 16    God:
Gold:   92         SH:  0    Dex: 13    Spells: 2 memorised, 3 levels left

rFire  . . .     SeeInvis .     n - -3 mace (curse)
rCold  . . .     Clarity  .     a - +1 robe
rNeg   . . .     SustAb   .     (no shield)
rPois  +         Gourm    .     (no helmet)
rElec  .         Spirit   .     (no cloak)
rCorr  .         Warding  .     (no gloves)
rMut   .         Stasis   .     (no boots)
MR     .....                    (no amulet)
Stlth  +.........               j - ring of poison resistance
                                l - -2 ring of evasion (curse)

@: confused, not resistant to hostile enchantments, very unstealthy
A: no striking features
a: no special abilities


You were on level 2 of the Dungeon.
You were not hungry.

You visited 1 branch of the dungeon, and saw 2 of its levels.

You collected 92 gold pieces.

Inventory:

Hand weapons
 g - a cursed -2 hand axe
 n - a cursed -3 mace (weapon)
Missiles
 d - 18 arrows of flame
Armour
 a - a +1 robe (worn)
Jewellery
 f - an uncursed ring of see invisible
 j - a ring of poison resistance (right hand)
 l - a cursed -2 ring of evasion (left hand)
Potions
 e - 2 potions of curing {unknown}
Books
 b - a book of Flames

   Spells                             Type                      Level
   a - Flame Tongue                   Conjuration/Fire             1
   b - Throw Flame                    Conjuration/Fire             2
   c - Conjure Flame                  Conjuration/Fire             3
   d - Inner Flame                    Hexes/Fire                   3
   e - Sticky Flame                   Conjuration/Fire             4
   f - Fireball                       Conjuration/Fire             5
Comestibles
 c - a bread ration
 h - 2 chunks of flesh
 i - a meat ration


   Skills:
 + Level 0.2 Fighting
 + Level 2.4 Dodging
 + Level 2.1 Stealth
 + Level 2.2 Spellcasting
 + Level 1.2 Conjurations
 + Level 3.6 Fire Magic


You had 3 spell levels left.
You knew the following spells:

 Your Spells              Type           Power        Failure   Level  Hunger
a - Flame Tongue          Conj/Fire      #....        10%         1    #......
b - Throw Flame           Conj/Fire      #.....       14%         2    ###....


Dungeon Overview and Level Annotations

Branches:
Dungeon (2/15)

Altars:
Cheibriados

Annotations:
D:2 Jessica


Message History

You bump into the rock wall.
Jessica zaps a wand.
You are more confused.
You're too confused to move!
You bump into the rock wall.
Jessica closely misses you.
You bump into the rock wall.
Jessica zaps a wand.
You are more confused.
You're too confused to move!
Jessica zaps a wand.
You are more confused.
You're too confused to move!
Jessica barely misses you.
Jessica hits you with an enchanted club.
You bump into the rock wall.
Jessica hits you with an enchanted club.
* * * LOW HITPOINT WARNING * * *
You miss Jessica. Jessica completely misses you.
You miss Jessica.
Jessica shouts, "I don't like beings like you!"
Jessica zaps a wand.
You resist with significant effort.
Jessica points at you and mumbles some strange words.
Pain shoots through your body!
You die...

#.#.#...# #.#
##.#.#.#.########## #.#
........>.........###.###
##.#..##.##...###.......#
#..##.##.#.###########
####..##....#..#...@....#
......##..####.#.#
#####.##..#....#@#
...##.##..#.####@#
##.##.##..#.#.<#.#
##.##.##..#....#.#
##.##.##..######.#
##.##.##.........#
##.##.##.###########
.#.##'##........(..#
.#.#.......#######.#
...#.......#


You could see Jessica.

Vanquished Creatures
  An adder (D:2)
  2 giant cockroaches (D:1)
  3 goblins (D:1)
  A hobgoblin (D:2)
  6 jackals (D:1)
  4 bats
  2 giant newts
  3 kobolds (D:1)
  2 rats
24 creatures vanquished.

Notes
Turn   | Place    | Note
--------------------------------------------------------------
     0 | D:1      | senseless, the Human Fire Elementalist, began the quest for the Orb.
     0 | D:1      | Reached XP level 1. HP: 13/13 MP: 3/3
   433 | D:1      | Reached XP level 2. HP: 19/19 MP: 2/4
   437 | D:1      | Learned a level 2 spell: Throw Flame
   482 | D:1      | Found a snail-covered altar of Cheibriados.
   936 | D:1      | Reached XP level 3. HP: 20/24 MP: 0/6
  1362 | D:2      | Noticed Jessica
  1377 | D:2      | Killed from afar by Jessica

Action                   || total
-------------------------++-------
Melee: Unarmed           ||    22
       Mace              ||     2
 Cast: Flame Tongue      ||    34
  Use: Scroll            ||     6
  Eat: Chunk             ||     2
